 Dungeon Crawl Stone Soup version 0.28-a0-1087-gf3fc490d9d (webtiles) character file.

Game seed: 13477048966749833509

699 ytrimaz the Insei (level 7, 0/46 HPs)
             Began as an Octopode Transmuter on Dec 10, 2021.
             Slain by an orc warrior (18 damage)
             ... on level 5 of the Dungeon.
             The game lasted 00:03:56 (6498 turns).

ytrimaz the Insei (Octopode Transmuter)             Turns: 6498, Time: 00:03:56

Health: 0/46       AC:  2    Str: 10    XL:     7   Next: 65%
Magic:  14/19      EV: 20    Int: 17    God:
Gold:   219        SH:  0    Dex: 23    Spells: 6/11 levels left

rFire   . . .      SeeInvis .     - Unarmed
rCold   . . .      Faith    .   (shield currently unavailable)
rNeg    . . .      Spirit   .   (helmet currently unavailable)
rPois   x          Reflect  .   (no amulet)
rElec   .          Harm     .   b - ring of magical power
rCorr   .          Rampage  .   f - +6 ring of dexterity
Will    .....                   h - ring of flight
Stlth   ++........              (no ring)
HPRegen 0.15/turn               (no ring)
MPRegen 0.16/turn               (no ring)
                                (no ring)
                                (no ring)

@: spider-form, flying
A: venomous fangs, almost no armour, (amphibious), 8 rings, tiny, (camouflage
1), (gelatinous body 1), (nimble swimmer 1), (tentacles)
a: End Transformation


You were on level 5 of the Dungeon.
You were a venomous arachnid creature.
You visited 1 branch of the dungeon, and saw 6 of its levels.

You collected 219 gold pieces.

Inventory:

Jewellery
 b - a ring of magical power (left front leg)
 f - a +6 ring of dexterity (right front leg)
 h - a ring of flight (on tentacle)
Wands
 o - a wand of paralysis (8)
Scrolls
 i - a scroll of magic mapping
 n - 2 scrolls of blinking {unknown}
Potions
 a - a potion of flight
 c - 2 potions of attraction {unknown}
 d - 2 potions of might {unknown}
 e - a potion of haste {unknown}
 g - 2 potions of brilliance {unknown}
 j - a potion of berserk rage {unknown}
 k - a potion of cancellation {unknown}
 l - 2 potions of curing
 m - 2 potions of heal wounds {unknown}


   Skills:
 * Level 3.3 Fighting
 - Level 2.0 Dodging
 + Level 6.9 Unarmed Combat
 + Level 2.5 Spellcasting
 + Level 2.7 Transmutations
 * Level 3.3 Poison Magic


You had 6 spell levels left.
You knew the following spells:

 Your Spells              Type           Power      Damage    Failure   Level
b - Wereblood             Tmut           11%        N/A       22%         2
c - Spider Form           Tmut/Pois      12%        N/A       34%         3

Your spell library contained the following spells:

 Spells                   Type           Power      Damage    Failure   Level
 Beastly Appendage        Tmut           22%        N/A       17%         1
 Slow                     Hex            8%         N/A       38%         1
 Ignite Poison            Fire/Tmut/Pois 9%         N/A       45%         3
 Corpse Rot               Necr/Air       4%         N/A       50%         2
 Sublimation of Blood     Necr           2%         N/A       50%         2
 Confusing Touch          Hex            2%         N/A       71%         3
 Conjure Flame            Conj/Fire      2%         6-21      71%         3
 Vampiric Draining        Necr           2%         2d6       71%         3
 Ice Form                 Ice/Tmut       6%         N/A       87%         4
 Dispel Undead            Necr           2%         3d7       96%         4
 Sticky Flame             Conj/Fire      2%         2d3       96%         4
 Death Channel            Necr           1%         N/A       100%        6
 Summon Hydra             Summ           1%         N/A       100%        7


Dungeon Overview and Level Annotations

Branches:
Dungeon (6/15)
 Temple: D:4-7

Altars:
Cheibriados
Elyvilon
Fedhas
Gozag
Ru
Sif Muna
Wu Jian

Annotations:
D:2 1 runed translucent door, Crazy Yiuf


Innate Abilities, Weirdness & Mutations

You are a venomous arachnid creature.
You have poisonous fangs.
You are tiny and dextrous.
Your spellcasting is less reliable in this form.
Your armour is entirely melded.
You are incapable of wielding weapons or throwing items.
You cannot wear most types of armour.
((You are amphibious.))
You can wear up to eight rings at the same time.
((Your skin changes colour to match your surroundings (Stealth+).))
((Your rubbery body absorbs attacks. (AC +1, EV +1)))
((You are camouflaged near water. (Stealth+)))
((You have tentacles for arms and can constrict up to eight enemies at once.))


Message History

An orc warrior comes into view. It is wielding a +0 battleaxe.
An orc warrior is nearby!
There is a stone staircase leading up here.
The orc warrior shouts!
You hear a shout! x2
You fly upwards.
There is a stone staircase leading down here.
You start resting.
HP restored.
You start waiting.
Done waiting.
You start waiting.
Done waiting.
Casting: Spider Form (dangerous; 16% risk of failure)
Confirm with . or Enter, or press ? or * to list all spells.
You miscast Spider Form.
You are very lightly contaminated with residual magic.
Nothing appears to happen.
You fly downwards.
The orc warrior hits you with a +0 battleaxe!
There is a stone staircase leading up, spattered with blood here.
Unknown command.
The orc warrior closely misses you.
You fly upwards.
There is a stone staircase leading down here.
Casting: Spider Form (dangerous; 16% risk of failure)
Confirm with . or Enter, or press ? or * to list all spells.
You turn into a venomous arachnid creature.
The orc warrior misses you.
You hit the orc warrior.
The orc warrior is poisoned.
The orc warrior is lightly wounded.
The orc warrior closely misses you.
Your magical contamination has completely faded away.
You barely miss the orc warrior.
The orc warrior is lightly wounded.
The orc warrior hits you with a +0 battleaxe!
You hit the orc warrior but do no damage.
The orc warrior looks as sick as possible!
The orc warrior is lightly wounded.
The orc warrior hits you with a +0 battleaxe!!
You die...

#.#.#.# ####.###### #####.#
#.#.#.# #.........# #.# #.<...#
#.##..###.# #.# ##.#### #.###.#
#.# ##'# # #.# #.###.###.# ##...
## #.# #.........# ##.... .##
##.## #####.#.### ##.....
..####...#########.....####......
.['.............so........'......
..####...#########.....####......
.## ##.## #.........# ##..... ##
##.### #.........# ##.... #
#.#..# #.........# ##... ##.#.#
####...#.## ##'# ###.# #...#.#
######.# #.# #...#.# #....... #.#
#####.###.####..


You could see an orc warrior (extremely poisoned).

Vanquished Creatures
  An orc warrior (D:4)
  A centaur (D:5)
  2 phantoms (D:4)
  A scorpion (D:5)
  2 hounds
  An orc priest (D:4)
  A bullfrog skeleton (D:4)
  2 iguanas (D:5)
  A hound skeleton (D:4)
  3 adders
  A shadow imp (D:6)
  2 adder skeletons (D:4)
  2 worms
  3 dart slugs
  8 orcs
  4 ball pythons
  4 endoplasms
  2 giant cockroaches (D:2)
  8 goblins
  8 hobgoblins
  4 quokkas
  4 bats
  8 frilled lizards
  9 kobolds
  7 rats
89 creatures vanquished.

Vanquished Creatures (others)
  4 fungi (D:3)
4 creatures vanquished.

Grand Total: 93 creatures vanquished

Notes
Turn   | Place    | Note
-------+----------+-------------------------------------------
     0 | D:1      | ytrimaz the Octopode Transmuter began the quest for the
                  | Orb.
     0 | D:1      | Reached XP level 1. HP: 13/13 MP: 3/3
   186 | D:1      | Reached XP level 2. HP: 18/18 MP: 3/5
   476 | D:1      | Learned a level 2 spell: Wereblood
   761 | D:1      | Reached XP level 3. HP: 23/23 MP: 4/6
   765 | D:1      | Learned a level 3 spell: Spider Form
  1753 | D:2      | Reached XP level 4. HP: 29/29 MP: 1/7
  1850 | D:2      | Found a runed translucent door.
  1851 | D:2      | Noticed Crazy Yiuf
  1938 | D:2      | Reached skill level 4 in Unarmed Combat
  2415 | D:3      | Found a snail-covered altar of Cheibriados.
  2490 | D:3      | Reached skill level 1 in Poison Magic
  2495 | D:3      | Found a white marble altar of Elyvilon.
  2504 | D:3      | Found an opulent altar of Gozag.
  3395 | D:4      | Noticed a phantom
  3424 | D:4      | Reached XP level 5. HP: 11/34 MP: 8/8
  3682 | D:4      | Noticed a phantom
  3701 | D:4      | Killed a phantom
  3702 | D:4      | Reached skill level 5 in Unarmed Combat
  4022 | D:4      | Killed a phantom
  4023 | D:4      | Reached XP level 6. HP: 22/41 MP: 9/9
  4172 | D:4      | Found an ornate altar of the Wu Jian Council.
  4173 | D:4      | Found a blossoming altar of Fedhas.
  4349 | D:4      | Found a sacrificial altar of Ru.
  4430 | D:4      | Noticed an orc warrior
  4440 | D:4      | Killed an orc warrior
  4452 | D:4      | Reached skill level 6 in Unarmed Combat
  4452 | D:4      | Reached XP level 7. HP: 35/46 MP: 10/10
  4811 | D:5      | Entered Level 5 of the Dungeon
  5585 | D:5      | Found a shimmering blue altar of Sif Muna.
  6498 | D:5      | Slain by an orc warrior

Illustrated notes

Levels and vault maps discovered:
D:1:      dpeg_arrival_pits, layout_loops_cross
D:2:      layout_rooms, shapermc_ecumenical_altar_petra, uniq_crazy_yiuf_cottage
D:3:      layout_loops_ring, elyvilon_altar_5, lemuel_crystal_altar,
          mainiacjoe_overflow_chevrons
D:4:      layout_basic, mainiacjoe_overflow_paths,
          gammafunk_temple_overflow_pools,
          nicolae_concentric_dashed_squares_wild
D:5:      layout_loops_corners, mainiacjoe_overflow_six_doors_small
D:6:      layout_layer_cave

Skill      XL: |  1  2  3  4  5  6  7 |
---------------+----------------------+-----
Unarmed Combat | 4 5 6 |  6.9
Poison Magic   | 1 2 3 |  3.3
Fighting       | 2 3 |  3.3
Dodging        | |  2.0
Spellcasting   | |  2.5
Transmutations | |  2.7

Action                   |  1- 3 |  4- 6 |  7- 9 || total
-------------------------+-------+-------+-------++-------
Melee: Unarmed           |    84 |   100 |    47 ||   231
       Constrict         |    25 |    14 |    11 ||    50
       Tentacles         |    10 |    16 |     8 ||    34
       Punch             |     2 |     4 |     3 ||     9
       Kick              |     1 |       |       ||     1
 Cast: Beastly Appendage |     5 |       |       ||     5
       Spider Form       |     3 |     3 |     2 ||     8
  Use: Potion            |     1 |     2 |       ||     3
       Scroll            |       |     4 |     1 ||     5
 Stab: Sleeping          |     9 |     7 |     2 ||    18
Armor: Skin              |    13 |    19 |     2 ||    34
Dodge: Dodged            |    51 |    55 |    23 ||   129

Table legend: (Time is in decaauts)
 A = Elapsed time spent in this place.
 B = Non-inter-level travel time spent in this place.
 C = Inter-level travel time spent in this place.
 D = Time resting spent in this place.
 E = Time spent auto-exploring this place.
 F = Levels seen in this place.
 G = Mean time per level.
                   A        B        C        D        E       F      G
               +--------+--------+--------+--------+--------+-----+--------+
         Total |   6476 |   6378 |     98 |    968 |   4715 |   6 | 1079.3 |
       Dungeon |   6476 |   6378 |     98 |    968 |   4715 |   6 | 1079.3 |
               +--------+--------+--------+--------+--------+-----+--------+

Top non-repeatable levels by time:
     D:5: 1615 daAuts
     D:2: 1486 daAuts
     D:4: 1408 daAuts
     D:3: 1080 daAuts
     D:1: 815 daAuts
     D:6: 69 daAuts
